 Dungeon Crawl Stone Soup version 0.19.3-4-gbf9329e (webtiles) character file.

25884 Angani the Carver (level 12, -12/110 HPs)
             Began as a Grey Draconian Chaos Knight on Jan 27, 2017.
             Mangled by a death yak (22 damage)
             ... on level 6 of the Lair of Beasts.
             The game lasted 00:44:52 (18421 turns).

Angani the Carver (Grey Draconian Chaos Knight)    Turns: 18421, Time: 00:44:53

Health: -12/110    AC: 19    Str: 14    XL:     12   Next: 93%
Magic:  12/12      EV: 18    Int: 13    God:    Xom [......]
Gold:   814        SH: 11    Dex: 16    Spells: 0 memorised, 11 levels left

rFire  + . .     SeeInvis .     o - +3 scimitar of Pocisch {flame, rF+ Str+2 Dex-4}
rCold  . . .     Gourm    .     (armour unavailable)
rNeg   . . .     Faith    .     J - +0 shield
rPois  +         Spirit   .     L - +0 hat
rElec  .         Reflect  .     N - +2 cloak {MR+}
rCorr  .         Harm     .     P - +1 pair of gloves
MR     +++..                    (no boots)
Stlth  +.........               Q - amulet of rage
                                I - +4 ring of dexterity
                                t - ring of poison resistance

@: death channel
A: walk through water, unfitting armour, talons 2, magic resistance 2, shaggy
fur 1, weak 1, wild magic 1, unbreathing, evolution 1, cold-blooded, AC +13
a: Renounce Religion, Evoke Berserk Rage


You were on level 6 of the Lair of Beasts.
You worshipped Xom.
You were a very special plaything of Xom.
You were not hungry.

You visited 2 branches of the dungeon, and saw 16 of its levels.

You collected 1217 gold pieces.
You spent 403 gold pieces at shops.

Inventory:

Hand Weapons
 a - a +0 falchion of chaos
 o - the +3 scimitar of Pocisch (weapon) {flame, rF+ Str+2 Dex-4}
   (You acquired it on level 5 of the Lair of Beasts)

   It has been specially enchanted to burn those struck by it, causing extra
   injury to most foes and up to half again as much damage against particularly
   susceptible opponents.
   Big, fiery blades are also staple armaments of hydra-hunters.
   It affects your strength (+2).
   It affects your dexterity (-4).
   It protects you from fire.
 q - a +4 falchion of flaming
Missiles
 j - 2 throwing nets (quivered)
Armour
 J - a +0 shield (worn)
 L - a +0 hat (worn)
 N - a +2 cloak of magic resistance (worn)
 P - a +1 pair of gloves (worn)
Jewellery
 t - a ring of poison resistance (left hand)
 y - a +3 ring of evasion {unknown}
 D - an uncursed ring of stealth {unknown}
 G - an uncursed amulet of magic regeneration
 I - a +4 ring of dexterity (right hand)
 Q - an amulet of rage (around neck)
Wands
 c - a wand of flame (0/48)
 k - a wand of random effects (16/48)
 m - a wand of flame (21/48)
 p - a wand of teleportation (3/9)
 r - a wand of iceblast (0/15)
 v - a wand of disintegration (0/24)
 w - a wand of confusion (26/48)
 z - a wand of digging (10/24)
 K - a wand of paralysis (8/24)
 O - a wand of flame (33/48)
 X - a wand of slowing (22/48)
Scrolls
 h - a scroll of teleportation
 A - 2 scrolls of fear
 B - 6 scrolls of remove curse
 F - 2 scrolls of fog
 V - a scroll of amnesia
Potions
 e - 4 potions of cancellation
 f - 5 potions of flight
 l - a potion of magic
 x - a potion of ambrosia
 E - a potion of cure mutation
 M - 3 potions of degeneration
 R - 2 potions of heal wounds {unknown}
 U - 2 potions of haste
Books
 d - a book of Minor Magic

   Spells                             Type                      Level
   a - Magic Dart                     Conjuration                  1
   b - Blink                          Translocation                2
   c - Call Imp                       Summoning                    2
   d - Repel Missiles                 Charms/Air                   2
   e - Slow                           Hexes                        2
   f - Conjure Flame                  Conjuration/Fire             3
   g - Mephitic Cloud                 Conjuration/Poison/Air       3
 g - a Young Poisoner's Handbook

   Spells                             Type                      Level
   a - Sting                          Conjuration/Poison           1
   b - Mephitic Cloud                 Conjuration/Poison/Air       3
   c - Olgreb's Toxic Radiance        Poison                       4
   d - Alistair's Intoxication        Transmutation/Poison         5
   e - Venom Bolt                     Conjuration/Poison           5
 s - a book of Changes

   Spells                             Type                      Level
   a - Beastly Appendage              Transmutation                1
   b - Sticks to Snakes               Transmutation                2
   c - Spider Form                    Transmutation/Poison         3
   d - Ice Form                       Ice/Transmutation            4
   e - Blade Hands                    Transmutation                5
 T - Acin's Almanac of Creative Ice
   (You found it on level 5 of the Lair of Beasts)

   Spells                             Type                      Level
   a - Summon Butterflies             Summoning                    1
   b - Throw Frost                    Conjuration/Ice              2
   c - Ensorcelled Hibernation        Hexes/Ice                    2
   d - Ozocubu's Armour               Charms/Ice                   3
   e - Freezing Cloud                 Conjuration/Ice/Air          6
   f - Ozocubu's Refrigeration        Ice                          6
Miscellaneous
 S - a box of beasts
Comestibles
 b - 11 bread rations
 i - 7 meat rations
 n - a slice of pizza
 u - 8 beef jerkies
 C - 9 fruits
 Y - a chunk of flesh


   Skills:
 - Level 11.0 Fighting
 + Level 13.5 Long Blades
 - Level 10.0 Dodging
 - Level 10.0 Shields


You had 11 spell levels left.
You didn't know any spells.

Dungeon Overview and Level Annotations

Branches:
Dungeon (10/15)            Temple (0/1) D:5            Lair (6/6) D:8
  Swamp (0/4) Lair:4        Snake (0/4) Lair:2
  Slime: Lair:5-6       Orc: D:9-12

Altars:
Ashenzari
Xom
Beogh

Shops:
D:4 *   D:6 }   D:7 [([


Innate Abilities, Weirdness & Mutations

You can walk through water.
Your dull iron-grey scales are very hard. (AC +13)
You cannot fit into any form of body armour.
You can survive without breathing.
You are cold-blooded and may be slowed by cold attacks.
You have razor-sharp toenails.
You are highly resistant to hostile enchantments. (MR++)
You are covered in fur. (AC +1)
You are weak. (Str -2)
Your spells are a little harder to cast, but a little more powerful.
You evolve.


Message History

You claw the death yak, but do no damage.
The death yak is severely wounded.
The death yak gores you!
* * * LOW HITPOINT WARNING * * *
You hit the death yak. You burn the death yak.
The death yak is severely wounded.
The death yak misses you.
You hit the death yak but do no damage.
You claw the death yak, but do no damage.
The death yak is severely wounded.
You slash the death yak! You burn the death yak.
You tail-slap the death yak, but do no damage.
The death yak is severely wounded.
The death yak gores you.
* * * LOW HITPOINT WARNING * * *
You hit the death yak. You burn the death yak.
The death yak is almost dead.
The death yak gores you!!
You die...
Xom laughs nastily!

....... #..........#
.$..... #[.........#
....... ###.......##
....... #..P....#
......P ##.P....#
.......## #####PP...#
........####.# ##.P.P#
#Y#....#####...##
#.#@.............#
##..............####
#......(........P#.#
.....................#
.?..................###
.....................#
..............<..†...#
.....PPP.......†....##
P...........##


You could see a death yak.

Vanquished Creatures
  Erolcha (D:10)
  Fannar (Lair:2)
  Harold (D:10)
  A queen ant (Lair:4)
  A hill giant (D:10)
  A death drake (Lair:3)
  Pikel (D:6)
  4 elephants (Lair:5)
  A black mamba (Lair:5)
  6 spiny frogs
  A yaktaur (shapeshifter) (D:8)
  2 rime drakes
  6 komodo dragons
  2 trolls (D:10)
  2 polar bears
  Grinder (D:4)
  2 dream sheep (Lair:5)
  5 blink frogs (Lair:5)
  5 hippogriffs
  A wyvern (D:9)
  5 yaks
  A basilisk (Lair:3)
  5 humans (D:10)
  Grum (D:8)
  Menkaure (D:6)
  Edmund (D:4)
  5 soldier ants (Lair:4)
  2 nagas (Lair:2)
  2 hell hounds (D:8)
  22 water moccasins
  2 orc warriors
  8 porcupines
  A sky beast (D:9)
  2 black bears
  An ice beast (D:7)
  2 phantoms
  2 ogres
  2 centaurs (D:7)
  8 wolves
  7 crocodiles
  A big kobold (D:6)
  Blork the orc (D:4)
  A gnoll sergeant (D:7)
  8 bullfrogs
  A water moccasin zombie (D:8)
  A wyvern zombie (D:9)
  Dowan (D:6)
  A wyvern skeleton (D:10)
  A scorpion (D:9)
  8 killer bees (D:9)
  7 electric eels
  2 crimson imps
  A bullfrog zombie (D:5)
  2 quasits
  2 bullfrog skeletons
  A hound (D:5)
  9 orc wizards
  2 centaur skeletons (D:5)
  7 orc priests
  4 iguanas
  Natasha (thrice) (D:2)
  18 worker ants
  A killer bee zombie (D:6)
  3 hound skeletons
  A howler monkey zombie (D:7)
  A howler monkey skeleton (D:10)
  32 adders
  12 gnolls
  4 shadow imps
  An ooze (Lair:4)
  An adder zombie (D:9)
  4 worms
  A dart slug (Lair:2)
  6 leopard geckos
  21 orcs
  3 bats
  3 giant cockroaches
  6 hobgoblins
  11 jackals
  6 quokkas
  A ball python (D:4)
  4 frilled lizards
  9 goblins
  15 kobolds
  6 rats
359 creatures vanquished.

Vanquished Creatures (collateral kills)
  Joseph (D:8)
  A spiny frog (Lair:2)
  A komodo dragon (Lair:2)
  4 yaks (Lair:2)
  Duvessa (D:6)
  An orc warrior (D:7)
  An ice beast (D:7)
  A phantom (D:5)
  2 orc wizards (D:7)
  An adder (D:3)
  2 orcs (D:7)
  A kobold (D:3)
  A plant (Lair:2)
18 creatures vanquished.

Vanquished Creatures (others)
  Sigmund (D:5)
  A slave (D:6)
  A worker ant (Lair:4)
  An adder (Lair:2)
  A leopard gecko (D:6)
  A bush (Lair:6)
  3 fungi
  8 plants
17 creatures vanquished.

Grand Total: 394 creatures vanquished

Notes
Turn   | Place    | Note
-------+----------+-------------------------------------------
     0 | D:1      | Angani the Draconian Chaos Knight began the quest for the Orb.
     0 | D:1      | Reached XP level 1. HP: 19/19 MP: 1/1
   346 | D:1      | XOM: harmless Tmut miscast
   488 | D:1      | XOM: scenery: create altars
   546 | D:1      | Reached XP level 2. HP: 23/26 MP: 2/2
   625 | D:1      | XOM: potion effect (brilliance)
   629 | D:1      | Reached skill level 4 in Long Blades
   871 | D:2      | Reached XP level 3. HP: 31/31 MP: 3/3
   974 | D:2      | XOM: god gift: 21 stones
  1266 | D:2      | Noticed Natasha
  1267 | D:2      | XOM: blink monster(s)
  1275 | D:2      | XOM: divination: detect creatures
  1277 | D:2      | XOM: summons friendly shadow imp
  1280 | D:2      | Killed Natasha
  1280 | D:2      | Reached skill level 5 in Long Blades
  1280 | D:2      | Reached XP level 4. HP: 38/38 MP: 4/4
  1306 | D:2      | Noticed Natasha
  1312 | D:2      | Killed Natasha
  1369 | D:2      | Noticed Natasha
  1374 | D:2      | Killed Natasha
  1374 | D:2      | Reached XP level 5. HP: 45/45 MP: 5/5
  1453 | D:2      | XOM: fake destruction
  1461 | D:2      | XOM: confuse monster(s)
  1629 | D:3      | XOM: scenery: 1 doors close
  1692 | D:3      | XOM: summons friendly shadow imp
  1693 | D:3      | Reached skill level 6 in Long Blades
  1699 | D:3      | XOM: cloud trail
  1747 | D:3      | XOM: noise
  2013 | D:3      | XOM: divination: magic mapping
  2391 | D:4      | XOM: noise
  2412 | D:4      | Noticed Edmund
  2413 | D:4      | XOM: cast spell 'Spider Form'
  2427 | D:4      | XOM: potion effect (invisibility)
  2429 | D:4      | Killed Edmund
  2429 | D:4      | Reached skill level 7 in Long Blades
  2429 | D:4      | Reached XP level 6. HP: 35/51 MP: 6/6
  2654 | D:4      | Noticed Grinder
  2655 | D:4      | Paralysed by Grinder for 4 turns
  2660 | D:4      | XOM: potion effect (agility)
  2667 | D:4      | XOM: cast spell 'Summon Small Mammal'
  2683 | D:4      | XOM: cast spell 'Excruciating Wounds'
  2684 | D:4      | Reached skill level 8 in Long Blades
  2684 | D:4      | Your scales start taking on a dull iron-grey colour.
  2684 | D:4      | Reached XP level 7. HP: 50/57 MP: 7/7
  2684 | D:4      | Gained mutation: You can survive without breathing. [Grey Draconian growth]
  2698 | D:4      | XOM: fog
  2705 | D:4      | Killed Grinder
  2779 | D:4      | XOM: potion effect (might)
  2783 | D:4      | XOM: harmless Tloc miscast
  2825 | D:4      | Reached skill level 9 in Long Blades
  2872 | D:4      | Found Awnetzok's Assorted Antiques.
  2879 | D:4      | Bought a twisted ivory ring for 120 gold pieces
  2879 | D:4      | Bought a viscous white potion for 21 gold pieces
  2883 | D:4      | Noticed Blork the orc
  2895 | D:4      | Killed Blork the orc
  3154 | D:5      | Entered Level 5 of the Dungeon
  3285 | D:5      | XOM: harmless Erth miscast
  3511 | D:5      | XOM: medium Divn miscast
  3523 | D:5      | Reached XP level 8. HP: 56/63 MP: 0/8
  3526 | D:5      | XOM: polymorph crimson imp -> quasit
  3606 | D:5      | Noticed Sigmund
  3613 | D:5      | XOM: medium Air miscast
  3618 | D:5      | Killed Sigmund
  3618 | D:5      | Reached skill level 10 in Long Blades
  3695 | D:5      | Found a staircase to the Ecumenical Temple.
  3763 | D:5      | XOM: confusion
  3772 | D:5      | XOM: confusion
  3776 | D:5      | XOM: summons friendly iron imp
  3839 | D:5      | XOM: severe Divn miscast
  3957 | D:6      | Found a shattered altar of Ashenzari.
  4088 | D:6      | XOM: 1-stop teleportation journey
  4103 | D:6      | Noticed Pikel
  4116 | D:6      | XOM: medium Divn miscast
  4126 | D:6      | Killed Pikel
  4126 | D:6      | Reached skill level 5 in Dodging
  4291 | D:6      | XOM: summons 3 hostile shadow creatures
  4437 | D:6      | Found Gaott's Gadget Shop.
  4438 | D:6      | Noticed Menkaure
  4461 | D:6      | Killed Menkaure
  4643 | D:6      | Reached XP level 9. HP: 70/70 MP: 9/9
  4714 | D:6      | XOM: harmless Tloc miscast
  4721 | D:6      | XOM: confusion
  4747 | D:6      | XOM: give mutations
  4747 | D:6      | Gained mutation: You are covered in fur. (AC +1) [Xom's mischief]
  4747 | D:6      | Gained mutation: Your body sometimes deteriorates upon taking damage. [Xom's mischief]
  4747 | D:6      | Gained mutation: You are clumsy. (Dex -2) [Xom's mischief]
  4860 | D:6      | XOM: swap monsters
  4880 | D:6      | XOM: give mutations
  4880 | D:6      | Lost mutation: Your body sometimes deteriorates upon taking damage. [Xom's mischief]
  4880 | D:6      | Gained mutation: You are dopey. (Int -2) [Xom's mischief]
  4889 | D:6      | Noticed Duvessa
  4973 | D:5      | XOM: give mutations
  4973 | D:5      | Gained mutation: Your body sometimes deteriorates upon taking damage. [Xom's mischief]
  4973 | D:5      | Gained mutation: You occasionally shout uncontrollably at your foes. [Xom's mischief]
  4973 | D:5      | Lost mutation: You occasionally shout uncontrollably at your foes. [Xom's mischief]
  4973 | D:5      | Gained mutation: You have a pair of small horns on your head. [Xom's mischief]
  5101 | D:5      | XOM: god gift: 24 gold pieces
  5152 | D:6      | XOM: smoke on damage
  5241 | D:6      | XOM: god gift: wooden ring {god gift}
  5276 | D:6      | Noticed Dowan
  5278 | D:6      | XOM: summons 9 friendly demons
  5281 | D:6      | Killed Duvessa
  5298 | D:6      | Killed Dowan
  5507 | D:7      | XOM: enchant monster (good)
  5572 | D:7      | Found Etway's Antique Armour Emporium.
  5573 | D:7      | Found Jiatiece's Antique Weapon Shoppe.
  5735 | D:7      | Found Hanin's Antique Armour Emporium.
  5759 | D:7      | Bought a glowing cloak for 262 gold pieces
  5952 | D:7      | XOM: give mutations
  5952 | D:7      | Gained mutation: You are resistant to hostile enchantments. (MR+) [Xom's grace]
  5952 | D:7      | Gained mutation: You possess an exceptional clarity of mind. [Xom's grace]
  5952 | D:7      | Gained mutation: You evolve. [Xom's grace]
  6143 | D:7      | XOM: god gift: scroll labeled BIHOKHI IBIJAU {god gift}
  6181 | D:7      | XOM: give mutation
  6181 | D:7      | Lost mutation: You are clumsy. (Dex -2) [Xom's grace]
  6244 | D:7      | XOM: mild Summ miscast
  6271 | D:7      | XOM: summons friendly ufetubus
  6342 | D:7      | XOM: mild Conj miscast
  6495 | D:8      | Found a staircase to the Lair.
  6496 | D:8      | XOM: enchant monster (good)
  6572 | D:8      | XOM: scenery: create altars
  6580 | D:8      | XOM: confuse monster(s)
  6585 | D:8      | Reached skill level 10 in Dodging
  6670 | D:8      | XOM: 3-stop teleportation journey
  6671 | D:8      | Noticed Prince Ribbit
  6682 | D:8      | Noticed Prince Ribbit
  6682 | D:8      | Prince Ribbit changed into Prince Ribbit the basilisk
  6682 | D:8      | XOM: polymorph Prince Ribbit -> Prince Ribbit the basilisk
  6682 | D:8      | Noticed Prince Ribbit
  6682 | D:8      | Prince Ribbit the basilisk changed into Prince Ribbit the black mamba
  6694 | D:8      | Noticed Prince Ribbit
  6694 | D:8      | Prince Ribbit the black mamba changed into Prince Ribbit the yaktaur
  6696 | D:8      | Gained mutation: Your magical capacity is low. (-10% MP) [potion of mutation]
  6696 | D:8      | Gained mutation: You are weak. (Str -2) [potion of mutation]
  6703 | D:8      | XOM: scenery: create altars
  6707 | D:8      | XOM: mild Erth miscast
  6710 | D:8      | Killed Prince Ribbit the yaktaur
  6710 | D:8      | Reached XP level 10. HP: 63/77 MP: 9/9
  6913 | D:8      | XOM: mild Ice miscast
  7022 | D:8      | XOM: stat loss: -1 Int (10/11)
  7089 | D:8      | Noticed Grum
  7097 | D:8      | XOM: enchant monster (bad)
  7104 | D:8      | Killed Grum
  7177 | D:8      | Found a roughly hewn altar of Beogh.
  7199 | D:8      | Noticed Joseph
  7205 | D:8      | Gained mutation: Your flesh is heat resistant. (rF+) [potion of beneficial mutation]
  7219 | D:8      | Killed Joseph
  7219 | D:8      | Reached skill level 5 in Shields
  7338 | D:8      | XOM: 1-stop teleportation journey
  7702 | D:9      | XOM: polymorph killer bee -> scorpion
  7818 | D:9      | XOM: give mutation
  7818 | D:9      | Gained mutation: You have sharp toenails. [Xom's grace]
  7912 | D:9      | XOM: harmless Divn miscast
  7931 | D:9      | Lost mutation: You are dopey. (Int -2) [mutagenic meat]
  8144 | D:9      | XOM: chaos upgrade
  8157 | D:9      | XOM: enchant monster (bad)
  8165 | D:9      | XOM: cast spell 'Shadow Creatures'
  8173 | D:9      | XOM: enchant monster (bad)
  8186 | D:9      | XOM: cast spell 'Confusing Touch'
  8239 | D:9      | XOM: harmless Necr miscast
  8250 | D:9      | XOM: medium Air miscast
  8530 | D:9      | XOM: enchant monster (bad)
  8738 | D:10     | Entered Level 10 of the Dungeon
  8757 | D:10     | Noticed Harold
  8763 | D:10     | XOM: summons 4 friendly demons
  8783 | D:10     | XOM: divination: magic mapping
  8789 | D:10     | Killed Harold
  9076 | D:10     | XOM: medium Fire miscast
  9216 | D:10     | Noticed a hill giant
  9219 | D:10     | XOM: cleaving
  9223 | D:10     | Noticed Erolcha
  9223 | D:10     | Killed a hill giant
  9223 | D:10     | Reached XP level 11. HP: 82/82 MP: 9/9
  9232 | D:10     | Killed Erolcha
  9363 | D:10     | XOM: enchant monster (good)
  9447 | D:10     | XOM: harmless Chrm miscast
  9462 | D:10     | Reached skill level 10 in Shields
  9471 | D:10     | XOM: summons friendly crimson imp
  9480 | D:10     | XOM: summons friendly shadow imp
  9485 | D:10     | XOM: confuse monster(s)
  9486 | D:10     | XOM: potion effect (curing)
  9501 | D:10     | XOM: 1-stop teleportation journey
  9548 | D:10     | XOM: polymorph two-headed ogre -> polar bear
  9569 | D:10     | XOM: fog
  9712 | D:10     | XOM: harmless Fire miscast
  9715 | D:10     | XOM: give mutation
  9715 | D:10     | Gained mutation: You are very weak. (Str -4) [Xom's mischief]
  9723 | D:10     | XOM: severe Fire miscast
  9726 | D:10     | XOM: smoke on damage
  9842 | D:8      | Gained mutation: Your spells are a little harder to cast, but a little more powerful. [evolution]
  9870 | Lair:1   | Entered Level 1 of the Lair of Beasts
  9897 | Lair:1   | Reached skill level 5 in Fighting
 10693 | Lair:1   | XOM: butterfly on damage
 10812 | Lair:1   | XOM: noise
 10988 | Lair:1   | XOM: summons 4 hostile demons
 11589 | Lair:2   | XOM: confuse monster(s)
 11643 | Lair:2   | Found a staircase to the Snake Pit.
 11724 | Lair:2   | XOM: god gift: scale mail {god gift}
 11737 | Lair:2   | XOM: give mutations
 11737 | Lair:2   | Gained mutation: You are agile. (Dex +2) [Xom's grace]
 11737 | Lair:2   | Gained mutation: You are highly resistant to hostile enchantments. (MR++) [Xom's grace]
 11794 | Lair:2   | XOM: harmless Chrm miscast
 11823 | Lair:2   | Noticed Fannar
 11824 | Lair:2   | XOM: cast spell 'Summon Small Mammal'
 11827 | Lair:2   | XOM: potion effect (heal wounds)
 11847 | Lair:2   | Killed Fannar
 11874 | Lair:2   | XOM: divination: detect creatures
 12100 | Lair:2   | XOM: confuse monster(s)
 12102 | Lair:2   | XOM: noise
 12222 | Lair:2   | XOM: give mutations
 12222 | Lair:2   | Lost mutation: Your magical capacity is low. (-10% MP) [Xom's mischief]
 12222 | Lair:2   | Lost mutation: You are agile. (Dex +2) [Xom's mischief]
 12385 | Lair:2   | XOM: polymorph adder -> dart slug
 12546 | Lair:2   | XOM: divination: detect creatures
 12578 | Lair:2   | XOM: snakes to sticks
 12649 | Lair:2   | XOM: harmless Erth miscast
 12659 | Lair:2   | XOM: summons friendly iron imp
 12669 | Lair:2   | Reached skill level 10 in Fighting
 13218 | Lair:2   | Reached XP level 12. HP: 66/107 MP: 12/12
 13381 | Lair:2   | Lost mutation: Your body sometimes deteriorates upon taking damage. [evolution]
 13691 | Lair:2   | XOM: cast spell 'Summon Horrible Things'
 13745 | Lair:2   | XOM: divination: detect items
 13784 | Lair:2   | XOM: god gift: scale mail {god gift}
 13851 | Lair:3   | XOM: enchant monster (bad)
 13852 | Lair:3   | XOM: scenery: create altars
 13915 | Lair:3   | XOM: confuse monster(s)
 14266 | Lair:3   | Noticed Urug
 14285 | Lair:3   | Noticed Urug
 14285 | Lair:3   | Urug changed into Urug the death drake
 14285 | Lair:3   | XOM: polymorph Urug -> Urug the death drake
 14291 | Lair:3   | XOM: potion effect (invisibility)
 14295 | Lair:3   | Killed Urug the death drake
 14658 | Lair:3   | Reached skill level 11 in Long Blades
 14681 | Lair:3   | Lost mutation: You are very weak. (Str -4) [evolution]
 14793 | Lair:3   | XOM: harmless Air miscast
 14908 | Lair:3   | You fall through a shaft for 2 floors!
 14981 | Lair:5   | Identified Acin's Almanac of Creative Ice
 15030 | Lair:5   | XOM: confuse monster(s)
 15309 | Lair:4   | Found a staircase to the Swamp.
 15538 | Lair:4   | Noticed an entropy weaver
 15553 | Lair:4   | XOM: fake destruction
 15650 | Lair:4   | XOM: divination: magic mapping
 15651 | Lair:4   | XOM: potion effect (brilliance)
 15663 | Lair:4   | XOM: enchant monster (bad)
 15664 | Lair:4   | XOM: harmless Fire miscast
 16134 | Lair:4   | XOM: give mutations
 16134 | Lair:4   | Lost mutation: You possess an exceptional clarity of mind. [Xom's mischief]
 16134 | Lair:4   | Lost mutation: Your flesh is heat resistant. (rF+) [Xom's mischief]
 16134 | Lair:4   | Lost mutation: You have a pair of small horns on your head. [Xom's mischief]
 16303 | Lair:4   | XOM: 4-stop teleportation journey
 16412 | Lair:4   | Noticed an entropy weaver
 16412 | Lair:4   | Noticed a queen ant
 16426 | Lair:4   | XOM: cast spell 'Discord'
 16440 | Lair:4   | XOM: scenery: create altars
 16443 | Lair:4   | XOM: summons friendly white imp
 16495 | Lair:4   | XOM: potion effect (curing)
 16697 | Lair:5   | XOM: scenery: create altars
 16890 | Lair:5   | Identified a scroll of acquirement
 16891 | Lair:5   | Got an iridescent scimitar
 16892 | Lair:5   | Identified the +3 scimitar of Pocisch {flame, rF+ Str+2 Dex-4} (You acquired it on level 5 of the Lair of Beasts)
 16967 | Lair:5   | XOM: cleaving
 16974 | Lair:5   | XOM: cast spell 'Call Canine Familiar'
 16984 | Lair:5   | Reached skill level 12 in Long Blades
 16992 | Lair:5   | XOM: smoke on damage
 17067 | Lair:5   | XOM: destruction
 17526 | Lair:5   | Got a scorched halberd
 17749 | Lair:5   | Gained mutation: You have razor-sharp toenails. [evolution]
 17906 | Lair:4   | XOM: scenery: create altars
 17908 | Lair:4   | Reached skill level 13 in Long Blades
 17943 | Lair:4   | Killed a queen ant
 17944 | Lair:4   | XOM: polymorph worker ant -> ooze
 18143 | Lair:4   | XOM: medium Fire miscast
 18186 | Lair:6   | Entered Level 6 of the Lair of Beasts
 18186 | Lair:6   | Noticed a six-headed hydra
 18188 | Lair:6   | XOM: smoke on damage
 18189 | Lair:5   | XOM: cleaving
 18246 | Lair:6   | XOM: scenery: create altars
 18249 | Lair:6   | XOM: cleaving
 18262 | Lair:6   | XOM: mild Conj miscast
 18330 | Lair:6   | XOM: cast spell 'Summon Small Mammal'
 18394 | Lair:6   | Noticed a death yak
 18406 | Lair:6   | XOM: cast spell 'Death Channel'
 18421 | Lair:6   | Mangled by a death yak

Skill      XL: |  1  2  3  4  5  6  7  8  9 10 11 12 |
---------------+-------------------------------------+-----
Long Blades    | 4 5 7 8 9 10 13 | 13.5
Dodging        | 6 10 | 10.0
Shields        | 2 9 10 | 10.0
Fighting       | 10 11 | 11.0

Action                   |  1- 3 |  4- 6 |  7- 9 | 10-12 || total
-------------------------+-------+-------+-------+-------++-------
Melee: Falchion          |    96 |   138 |   549 |  1056 ||  1839
       Tailslap          |     4 |    14 |    88 |   210 ||   316
       Unarmed           |       |    14 |       |       ||    14
       Headbutt          |       |       |    44 |   230 ||   274
       Kick              |       |       |       |   388 ||   388
       Scimitar          |       |       |       |   157 ||   157
Evoke: Wand              |       |       |       |    32 ||    32
  Use: Potion            |     1 |       |    11 |    11 ||    23
       Scroll            |       |       |     3 |    34 ||    37
 Stab: Confused          |       |     1 |       |     3 ||     4
       Invisible         |       |     1 |       |     4 ||     5
       Distracted        |       |     1 |     1 |     2 ||     4
       Sleeping          |       |       |       |     3 ||     3
  Eat: Chunk             |     1 |     3 |    13 |    42 ||    59
       Beef jerky        |       |     1 |       |     1 ||     2
       Meat ration       |       |     1 |       |       ||     1
       Royal jelly       |       |       |       |     1 ||     1
       Pizza             |       |       |       |     1 ||     1
Armor: Skin              |    30 |    26 |   207 |   257 ||   520
Dodge: Dodged            |    48 |    91 |   354 |   670 ||  1163
Block: Shield            |       |       |    74 |   571 ||   645
       Rpst.: Falchion   |    20 |    35 |    84 |   159 ||   298
       Scimitar          |       |       |       |    17 ||    17
